 Dungeon Crawl Stone Soup version 0.31-a0-931-g7b59d4eb97 (webtiles) character file.

Game seed: 14752430848010145731

223 scionoferis the Chopper (level 5, 0/48 HPs)
             Began as a Minotaur Chaos Knight on Oct 19, 2023.
             Was a Plaything of Xom.
             Slain by a gnoll
             ... wielding a +0 flail
              (4 damage)
             ... on level 3 of the Dungeon.
             The game lasted 00:03:02 (1471 turns).

scionoferis the Chopper (Minotaur Chaos Knight)     Turns: 1471, Time: 00:03:02

Health: 0/48       AC:  5    Str: 16    XL:     5   Next: 66%
Magic:  4/4        EV: 11    Int:  9    God:    Xom [*.....]
Gold:   78         SH:  0    Dex: 12    Spells: 4/4 levels left

rFire   . . .        a - +0 hand axe (chaos)
rCold   . . .        f - orb {light}
rNeg    . . .        b - +2 leather armour
rPois   .            (helmet restricted)
rElec   .            (no cloak)
rCorr   .            (no gloves)
SInv    .            (no boots)
Will    +....        (no amulet)
Stlth   +            (no ring)
HPRegen 0.28/turn    (no ring)
MPRegen 0.09/turn

%: clarity
@: lethally poisoned (0 -> -3), glowing
A: horns 2, retaliatory headbutt, camouflage 1, clarity, strong-willed 1
a: Renounce Religion


You were on level 3 of the Dungeon.
You worshipped Xom.
You were a special plaything of Xom.
You visited 1 branch of the dungeon, and saw 3 of its levels.

You collected 78 gold pieces.


Innate Abilities, Weirdness & Mutations

You have a pair of horns on your head.
You reflexively headbutt those who attack you in melee.
Your skin changes colour to match your surroundings (Stealth+).
You possess an exceptional clarity of mind.
You are strong-willed. (Will+)


   Skills:
 + Level 5.4 Fighting
 * Level 6.6 Axes
 - Level 2.4 Armour
 - Level 1.1 Dodging


You had 4 spell levels left.
You didn't know any spells.
Your spell library was empty.

Inventory:

Hand Weapons
 a - a +0 hand axe of chaos (weapon)
Missiles
 g - 7 poisoned darts
Armour
 b - a +2 leather armour (worn)
 f - an orb of light (worn)
   (You found it on level 1 of the Dungeon)
 h - an orb of mayhem
   (You found it on level 1 of the Dungeon)
Scrolls
 c - a scroll of butterflies
 d - 2 scrolls of identify {unknown}
 e - a scroll of summoning {unknown}
 i - a scroll of immolation {unknown}
 j - a scroll of blinking {unknown}

Dungeon Overview and Level Annotations

Branches:
Dungeon (3/15)

Altars:
Elyvilon
Xom

#############
#)#.........#
#$#o........+
#.gg........+
#@#.........#
####''#######
...# ...# .....
#############++
#..............
#≈~≈≈≈~~~~~~~..
≈≈≈≈≈≈≈≈≈≈≈≈~..


You could see 2 gnolls and an orc.


Message History

Welcome, scionoferis the Minotaur Chaos Knight.
The magnificent Orb of Zot lies far below, as if waiting for you to find it.
Xom says: A new plaything!
Press ? for a list of commands and other information.
Found a staircase leading out of the dungeon.
Found an escape hatch in the floor.
There is an escape hatch in the floor here.
Found a stone staircase leading down.
An endoplasm comes into view.
A hobgoblin comes into view.
You hit the endoplasm.
The endoplasm resists with significant effort.
You headbutt the endoplasm.
You kill the endoplasm!
You barely miss the hobgoblin. Your headbutt misses the hobgoblin.
The hobgoblin hits you but does no damage.
You closely miss the hobgoblin. You headbutt the hobgoblin.
You kill the hobgoblin!
No target in view!
You see here a hobgoblin corpse.
You see here a hobgoblin corpse.
d - a scroll labelled RUXKIV MUMAM A goblin comes into view.
It is wielding a +0 club.
The goblin shouts!
No target in view!
No target in view!
Found a robe.
The goblin hits you with a +0 club.
You barely miss the goblin. The goblin barely misses you.
You barely miss the goblin. The goblin closely misses you.
You hit the goblin. You burn the goblin.
You kill the goblin!
HP restored.
d - 2 scrolls labelled RUXKIV MUMAM (gained 1)
A ball python comes into view.
The ball python hisses angrily.
A ball python is nearby!
You closely miss the ball python. The ball python bites you.
The ball python misses you.
You barely miss the ball python. The ball python misses you.
The ball python closely misses you.
You hit the ball python.
The ball python is poisoned.
The ball python is severely wounded.
You kill the ball python!
Your Axes skill increases to level 4!
No target in view!
Found a stone staircase leading down.
e - a scroll labelled ZITSIAGAFO
Found a scale mail.
You see here an orb of light.
f - an orb of light You start putting on your armour.
You continue putting on your orb of light. x4
You finish putting on your orb of light.
Found 2 poisoned darts.
You see here 2 poisoned darts.
g - 2 poisoned darts
Found a whip.
You now have 10 gold pieces.
g - 7 poisoned darts (gained 5)
Found a dagger.
Found a stone staircase leading down.
A ball python comes into view.
The ball python hisses angrily.
A ball python comes into view.
The ball python hisses angrily.
You hit the ball python but do no damage.
The ball python is poisoned.
You headbutt the ball python.
You kill the ball python!
No target in view!
No target in view!
The ball python bites you but does no damage.
The ball python grabs you. The ball python constricts you.
You barely miss the ball python. Your headbutt misses the ball python.
The ball python closely misses you. The ball python constricts you.
You barely miss the ball python.
The ball python bites you but does no damage.
The ball python constricts you.
You hit the ball python but do no damage.
The ball python resists with some effort.
The ball python bites you but does no damage.
The ball python constricts you. The ball python barely misses you.
The ball python constricts you.
You hit the ball python.
You kill the ball python!
A hobgoblin comes into view.
The hobgoblin shouts!
Found a runed orb.
The hobgoblin closely misses you.
You hit the hobgoblin but do no damage. The hobgoblin barely misses you.
You hit the hobgoblin.
The hobgoblin is poisoned.
You headbutt the hobgoblin.
You kill the hobgoblin!
You have reached level 2!
You now have 17 gold pieces (gained 7).
You see here an orb of mayhem.
h - an orb of mayhem You open the door.
Found a faded altar of an unknown god.
There is an open door here. "See what I see, my child!"
You detect nothing.
You are now Xom's teddy bear.
There is an open door here.
A rat comes into view.
The rat bites you.
You hit the rat but do no damage. The rat bites you but does no damage.
You hit the rat. You burn the rat.
You kill the rat!
No target in view!
i - a scroll labelled WAFEWUACHO You see here a +0 scale mail.
You now have 28 gold pieces (gained 11).
A bat comes into view.
The bat hits you but does no damage.
You closely miss the bat. Your headbutt misses the bat.
The bat closely misses you. You furiously retaliate!
You headbutt the bat!
You kill the bat!
You see here a bat corpse.
Done exploring.
Search for what [? for help]? d: Unknown command.
Unknown command.
There is a staircase leading out of the dungeon here.
There is a stone staircase leading down here.
You climb downwards.
There is a stone staircase leading up here.
You now have 43 gold pieces (gained 15).
Found a flail.
You now have 50 gold pieces (gained 7).
You open the door.
There is an open door here.
A hobgoblin comes into view.
The hobgoblin shouts!
You hit the hobgoblin. You freeze the hobgoblin.
Your headbutt misses the hobgoblin.
The hobgoblin is moderately wounded.
Xom briefly touches your surroundings.
The hobgoblin hits you but does no damage.
You barely miss the hobgoblin.
The hobgoblin is moderately wounded.
The hobgoblin barely misses you.
A hobgoblin is nearby!
You hit the hobgoblin.
The hobgoblin is poisoned.
The hobgoblin is heavily wounded.
The hobgoblin barely misses you.
You hit the hobgoblin. You freeze the hobgoblin.
You kill the hobgoblin!
You swap places.
You swap places.
You swap places.
You swap places.
A frilled lizard comes into view.
The frilled lizard hisses angrily.
A quokka comes into view.
Found 8 gold pieces.
Found a stone staircase leading down.
Your butterfly degenerates into a cloud of primal chaos!
You hit the frilled lizard.
You kill the frilled lizard!
Your butterfly is engulfed in seething chaos.
You see here a frilled lizard corpse.
You hit the quokka.
You kill the quokka!
Your Fighting skill increases to level 4!
No target in view!
You now have 58 gold pieces (gained 8).
Your butterfly disappears in a puff of smoke!
Your butterfly disappears in a puff of smoke!
You open the door.
Your butterfly disappears in a puff of smoke!
There is an open door here.
Found an escape hatch in the ceiling.
You open the door.
There is an open door here.
As you open the door, it creaks loudly!
There is an open door here.
Found a dagger.
An endoplasm comes into view.
The endoplasm quivers.
The endoplasm closely misses you.
You hit the endoplasm. You burn the endoplasm.
The endoplasm is moderately wounded.
The endoplasm closely misses you.
You completely miss the endoplasm.
The endoplasm is moderately wounded.
The endoplasm barely misses you.
You hit the endoplasm.
Lightning courses through the endoplasm!
You kill the endoplasm!
No target in view!
A goblin comes into view. It is wielding a +0 club.
The goblin shouts!
Found a stone staircase leading up.
You hit the goblin but do no damage.
The goblin is poisoned.
The goblin closely misses you. You furiously retaliate!
You headbutt the goblin.
You kill the goblin!
No target in view!
Things that are here:
a +0 club; a goblin corpse
Things that are here:
a +0 club; a goblin corpse A dart slug and a hobgoblin come into view.
The dart slug launches a dart at you. The slug dart hits you.
The dart slug launches a dart at you. The slug dart hits you.
You barely miss the hobgoblin. The dart slug launches a dart at you.
The slug dart misses you.
The hobgoblin hits you but does no damage.
You hit the hobgoblin.
The hobgoblin is moderately wounded.
The hobgoblin barely misses you.
You hit the hobgoblin. You burn the hobgoblin.
You kill the hobgoblin!
Found a leather armour.
You hit the dart slug. You freeze the dart slug. You headbutt the dart slug.
You kill the dart slug!
No target in view!
HP restored.
Found a beast talisman.
There is an open door here.
An endoplasm comes into view.
The endoplasm quivers.
Found a scroll labelled TICIXT TAPOIF.
Found a stone staircase leading up.
The endoplasm freezes you.
You are frozen.
You hit the endoplasm. You burn the endoplasm.
The endoplasm is severely wounded.
The endoplasm hits you but does no damage.
You hit the endoplasm.
The endoplasm is almost dead.
The endoplasm barely misses you. You furiously retaliate!
You headbutt the endoplasm!
You kill the endoplasm!
No target in view!
A frilled lizard comes into view.
The frilled lizard hisses angrily.
You see here a scroll labelled TICIXT TAPOIF.
A frilled lizard is nearby!
There is a stone staircase leading up here.
You hit the frilled lizard.
The frilled lizard is poisoned.
You headbutt the frilled lizard.
You kill the frilled lizard!
No target in view!
There is a stone staircase leading up here.
j - a scroll labelled TICIXT TAPOIF Natasha, Servant of Life and Death comes into view.
Natasha hisses angrily.
Natasha extends her claws. "Serve the mortal, my children!"
Natasha misses you.
You closely miss Natasha. Natasha claws you.
You hit Natasha. You burn Natasha.
Natasha is moderately wounded.
Natasha claws you.
Your shadow imp barely misses Natasha.
You closely miss Natasha.
Natasha is moderately wounded.
Natasha claws you.
Your shadow imp closely misses Natasha.
You hit Natasha.
Natasha's magic leaks into the air.
Natasha is severely wounded.
Natasha barely misses you. You furiously retaliate!
You headbutt Natasha!
You kill Natasha!
Natasha screams in pain as she dies!
Your Axes skill increases to level 5!
You have reached level 3!
Your experience leads to an increase in your attributes!
Increase (S)trength, (I)ntelligence, or (D)exterity?
You feel agile. x2
You swap places.
Your shadow imp disappears in a puff of smoke!
Your white imp disappears in a puff of smoke!
Xom complains about the scenery.
You see here the felid corpse of Natasha.
Found a stone staircase leading down.
You hear Xom's maniacal cackling.
Your body is suffused with distortional energy.
You feel strong-willed.
Your thoughts seem clearer.
Your skin functions as natural camouflage.
You are now a plaything of Xom.
There is a stone staircase leading down here.
A worm comes into view.
The worm moves out of view.
Found a robe.
You are now a special plaything of Xom.
The worm bites you!
You hit the worm but do no damage. You hit the worm but do no damage.
You headbutt the worm.
The worm is lightly wounded.
The worm blinks!
You hit the worm.
The worm is moderately wounded.
You hit the plant.
The plant begins to die.
The worm closely misses you.
You slash the worm! You burn the worm. You headbutt the worm.
You kill the worm!
You hit the plant. You freeze the plant.
No target in view!
A nearby plant withers and dies.
You enter the shallow water.
Moving in this stuff is going to be slow.
You enter the shallow water.
Moving in this stuff is going to be slow.
You enter the shallow water.
Moving in this stuff is going to be slow.
A kobold comes into view. It is wielding a +0 short sword.
The kobold shouts!
The kobold hits you but does no damage. The kobold misses you.
You closely miss the kobold. The kobold misses you.
You slash the kobold!
You kill the kobold!
No target in view!
You see here a +0 short sword.
Found a stone staircase leading down.
No target in view!
There is a stone staircase leading down here.
An adder comes into view.
An adder is nearby!
The adder hisses angrily.
You see here 14 gold pieces.
You hit the adder. You freeze the adder. You headbutt the adder.
The adder is moderately wounded.
The adder bites you. The adder bites you but does no damage.
You slash the adder! You burn the adder.
You kill the adder!
No target in view!
You now have 72 gold pieces (gained 14).
A kobold comes into view. It is wielding a +0 club.
A kobold is nearby!
An adder comes into view.
Found 6 gold pieces.
The kobold shouts!
The kobold closely misses you. You furiously retaliate!
You headbutt the kobold!
You kill the kobold!
You barely miss the adder. Your headbutt misses the adder.
The adder bites you but does no damage.
You hit the adder. You burn the adder.
The adder is moderately wounded.
The adder barely misses you. You furiously retaliate!
You headbutt the adder!
You kill the adder!
You have reached level 4!
You feel agile.
k - a bubbling grey potion You now have 78 gold pieces (gained 6).
Found 7 stones.
A jackal comes into view.
The jackal barks!
A jackal comes into view.
The jackal closely misses you.
The jackal barks!
You hit the jackal.
The jackal is poisoned.
The jackal is severely wounded.
You hit the jackal but do no damage.
The jackal is poisoned.
You headbutt the jackal.
You kill the jackal! x2
No target in view!
No target in view!
You see here a jackal corpse.
You see here a jackal corpse.
Found 4 stones.
You see here a jackal corpse.
You see here a jackal corpse.
There is an escape hatch in the ceiling here.
Natasha, Servant of Life and Death comes into view.
Natasha hisses angrily.
Natasha casts a spell.
There is an open door here.
You hit Natasha. Your headbutt misses Natasha.
Natasha is lightly wounded.
Natasha stares at you and mumbles some strange words.
The magic dart hits you.
You slash Natasha!
Natasha seems to grow stronger.
Xom thinks this is hilarious!
Natasha is severely wounded.
Natasha claws you but does no damage. The cerulean imp closely misses you.
You hit Natasha. You burn Natasha.
You kill Natasha!
Natasha screams in fury as she dies!
The cerulean imp disappears in a puff of smoke!
A kobold comes into view. It is wielding a +0 short sword.
The kobold shouts!
Found a dagger.
Found an escape hatch in the floor.
The kobold misses you.
You hit the kobold. You burn the kobold.
You kill the kobold!
No target in view!
Done exploring.
Done exploring.
Search for what [Enter for "d:", or ? for help]? d:2
There is a stone staircase leading down here.
Natasha, Servant of Life and Death comes into view.
Natasha hisses angrily.
Natasha claws you!
You hit Natasha. You freeze Natasha.
Natasha is heavily wounded.
Natasha claws you.
You hit Natasha.
Natasha is heavily wounded.
Natasha claws you.
You hit Natasha. Your headbutt misses Natasha.
Natasha is severely wounded.
Natasha closely misses you.
You hit Natasha but do no damage. Your headbutt misses Natasha.
Natasha is severely wounded.
Natasha casts a spell at you. The magic dart hits you!
You hit Natasha. You freeze Natasha.
You kill Natasha!
You feel Natasha's spirit has finally been put to rest.
There is a stone staircase leading down here.
You start resting.
HP restored.
You start resting.
HP restored.
You climb downwards.
There is a stone staircase leading up here.
The kobold shouts!
The kobold closely misses you. You furiously retaliate!
You headbutt the kobold.
You kill the kobold!
No target in view!
No target in view!
You open the door.
An endoplasm and 4 gnolls come into view.
A gnoll is wielding a +0 spear of venom.
The endoplasm quivers.
The gnoll shouts! x4
There is a stone staircase leading up here. "Let's go for a ride!"
Your surroundings suddenly seem different.
An orc and 2 jackals come into view.
Found a hand axe.
Found a stone staircase leading down.
Your surroundings suddenly seem different.
A ball python comes into view.
Found a white marble altar of Elyvilon.
Your surroundings suddenly seem different.
Your surroundings suddenly seem different.
Your surroundings suddenly seem different.
Found a dagger.
Your surroundings suddenly seem different.
A ball python comes into view.
Found a robe and a mace.
Your surroundings suddenly seem different.
An ogre, 3 orcs and 3 gnolls come into view.
A gnoll is wielding a +1 spear of venom.
Found 23 gold pieces and a war axe.
The jackal moves out of view.
The orc moves out of view.
The jackal moves out of view.
The ball python moves out of view. x2
Unknown command.
The orc shouts!
The gnoll shouts!
The ogre shouts!
The orc shouts!
The gnoll hits you from afar with a +0 spear.
The gnoll shouts!
The gnoll attacks as it pursues you!
The gnoll hits you from afar with a +1 spear of venom.
You are poisoned.
The ogre attacks as it pursues you! The ogre misses you.
You feel sick.
You open the door.
You feel sick.
A gnoll opens the large door. 2 gnolls come into view.
You feel sick.
The gnoll shouts!
The ogre attacks as it pursues you! The ogre barely misses you.
You furiously retaliate!
You headbutt the ogre.
The gnoll hits you from afar with a +0 spear.
There is an open door, spattered with blood here.
You feel sick.
You see here 11 gold pieces.
The gnoll shouts!
You slash the orc! You freeze the orc.
You kill the orc!
You feel sick.
You hear a shout!
You hit the ogre.
The ogre is poisoned.
You headbutt the ogre.
The ogre is moderately wounded.
You feel sick.
The gnoll hits you from afar with a +0 spear.
The ogre misses you.
You hit the ogre.
The ogre easily resists.
The ogre is heavily wounded.
You feel sick.
You are no longer poisoned.
The gnoll hits you from afar with a +1 spear of venom.
You are poisoned.
The gnoll hits you from afar with a +0 spear.
You slash the ogre!
The ogre is severely wounded.
You feel very sick.
The gnoll hits you from afar with a +0 spear.
* * * LOW HITPOINT WARNING * * *
The gnoll closely misses you. The ogre barely misses you.
You slash the ogre! You freeze the ogre.
You kill the ogre!
* * * LOW HITPOINT WARNING * * *
You feel very sick.
The area is suffused with divine lightning!
The blast of lightning engulfs the gnoll!!!
The gnoll dies!
The blast of lightning engulfs the gnoll!!
The gnoll dies!
You hear a shout! x5; You hear a bark!
Your Fighting skill increases to level 5!
Your Axes skill increases to level 6!
You have reached level 5!
It was a potion of magic.
Magic courses through your body.
Xom thinks this is hilarious!
You feel sick. The gnoll barely misses you.
You slash the gnoll!
The gnoll is poisoned.
The gnoll is heavily wounded.
You feel sick. The gnoll barely misses you. You furiously retaliate!
You headbutt the gnoll!
You kill the gnoll!
You barely miss the orc.
You feel sick. The orc hits you with a +0 club.
* * * LOW HITPOINT WARNING * * *
The gnoll hits you but does no damage.
You barely miss the orc. You headbutt the orc.
You kill the orc!
You feel sick. The gnoll closely misses you.
You hit the gnoll. You headbutt the gnoll.
The gnoll is moderately wounded.
You feel sick. The gnoll hits you with a +0 flail.
You die...

Skill      XL: |  1  2  3  4 |
---------------+-------------+-----
Axes           | 4 5 6 |  6.6
Fighting       | 4 5 |  5.4
Armour         | |  2.4
Dodging        | |  1.1

Action                     |  1- 3 |  4- 6 || total
---------------------------+-------+-------++-------
  Melee: Hand axe          |    50 |    20 ||    70
         Headbutt          |     9 |     4 ||    13
    Use: Potion            |       |     1 ||     1
 Armour: Leather armour    |    22 |    16 ||    38
  Dodge: Dodged            |    26 |    13 ||    39

Levels and vault maps discovered:
D:1:      minmay_arrival_five_plusses, layout_basic,
          dreamdust_ecumenical_altar_angels_and_demons, nicolae_the_louvre
D:2:      layout_basic, minmay_misc_feat_doors, serial_bayou_pond_c,
          uniq_natasha
D:3:      lemuel_castle_with_subvaults [lemuel_castle_interior_carwin_2],
          layout_basic, mainiacjoe_overflow_paths, kennysheep_slug_shrine

Notes
Turn   | Place    | Note
-------+----------+-------------------------------------------
     0 | D:1      | scionoferis the Minotaur Chaos Knight began the quest for
                  | the Orb.
     0 | D:1      | Reached XP level 1. HP: 19/19 MP: 0/0
    93 | D:1      | Reached skill level 4 in Axes
   252 | D:1      | Reached XP level 2. HP: 27/27 MP: 1/1
   299 | D:1      | Found a faded altar of an unknown god.
   302 | D:1      | XOM: divination: detect items
   589 | D:2      | XOM: scenery: summon butterflies
   609 | D:2      | Reached skill level 4 in Fighting
   809 | D:2      | Noticed Natasha
   810 | D:2      | XOM: summons 2 friendly demons
   814 | D:2      | Killed Natasha
   815 | D:2      | Reached skill level 5 in Axes
   815 | D:2      | Reached XP level 3. HP: 25/34 MP: 2/2
   870 | D:2      | XOM: scenery: create altars
   897 | D:2      | XOM: give mutations
   897 | D:2      | Gained mutation: You are strong-willed. (Will+) [Xom's
                  | grace]
   897 | D:2      | Gained mutation: You possess an exceptional clarity of
                  | mind. [Xom's grace]
   897 | D:2      | Gained mutation: Your skin changes colour to match your
                  | surroundings (Stealth+). [Xom's grace]
  1032 | D:2      | Reached XP level 4. HP: 41/41 MP: 3/3
  1188 | D:2      | Noticed Natasha
  1193 | D:2      | Killed Natasha
  1349 | D:2      | Noticed Natasha
  1357 | D:2      | Killed Natasha
  1455 | D:3      | Found a white marble altar of Elyvilon.
  1455 | D:3      | Noticed an ogre
  1455 | D:3      | XOM: 7-stop teleportation journey
  1466 | D:3      | Killed an ogre
  1466 | D:3      | HP: 10/41 [poisoned by a gnoll]
  1466 | D:3      | XOM: divine lightning
  1467 | D:3      | Reached skill level 5 in Fighting
  1467 | D:3      | Reached skill level 6 in Axes
  1467 | D:3      | Reached XP level 5. HP: 11/48 MP: 4/4
  1470 | D:3      | HP: 4/48 [poisoned by a gnoll]
  1471 | D:3      | Slain by a gnoll

Vanquished Creatures
  An ogre (D:3)
  Natasha (thrice) (D:2)
  2 adders (D:2)
  A gnoll (D:3)
  A worm (D:2)
  A dart slug (D:2)
  2 orcs (D:3)
  3 ball pythons (D:1)
  A bat (D:1)
  3 endoplasms (D:1 D:2)
  2 goblins (D:1 D:2)
  4 hobgoblins (D:1 D:2)
  2 jackals (D:2)
  A quokka (D:2)
  2 frilled lizards (D:2)
  4 kobolds (D:2 D:3)
  A rat (D:1)
34 creatures vanquished.

Vanquished Creatures (others)
  2 gnolls (D:3)
2 creatures vanquished.

Grand Total: 36 creatures vanquished

Table legend: (Time is in decaauts)
 A = Elapsed time spent in this place.
 B = Non-inter-level travel time spent in this place.
 C = Inter-level travel time spent in this place.
 D = Time resting spent in this place.
 E = Time spent auto-exploring this place.
 F = Levels seen in this place.
 G = Mean time per level.
                   A        B        C        D        E       F      G
               +--------+--------+--------+--------+--------+-----+--------+
         Total |   1483 |   1348 |    135 |     84 |   1042 |   3 |  494.3 |
       Dungeon |   1483 |   1348 |    135 |     84 |   1042 |   3 |  494.3 |
               +--------+--------+--------+--------+--------+-----+--------+

Top non-repeatable levels by time:
     D:2: 921 daAuts
     D:1: 539 daAuts
     D:3: 22 daAuts

Table legend:
 A = Non-vault XP
 B = Vault XP
 C = Vault XP percentage of total XP
 D = Non-vault monster count
 E = Vault monster count
 F = Vault count percentage of total count
                 A         B        C        D         E       F
            +---------+---------+-------+---------+---------+-------
      Total |     148 |     171 |  53.6 |      29 |       5 |  14.7
            +---------+---------+-------+---------+---------+-------
        D:1 |      16 |       0 |   0.0 |       9 |       0 |   0.0
        D:2 |     130 |      35 |  21.2 |      19 |       1 |   5.0
        D:3 |       2 |     136 |  98.6 |       1 |       4 |  80.0
            +---------+---------+-------+---------+---------+-------
